 Dungeon Crawl Stone Soup version 0.29.1-2-gbd0b4ee654 (webtiles) character file.

Game seed: 17849238295180021668

2011 styxcanada the Covert (level 9, -4/44 HPs)
             Began as a Spriggan Brigand on Nov 12, 2022.
             Was an Initiate of Gozag.
             Slain by an orc warrior
             ... wielding a +0 halberd
              (9 damage)
             ... in a bailey.
             The game lasted 00:29:11 (7545 turns).

styxcanada the Covert (Spriggan Brigand)            Turns: 7545, Time: 00:29:12

Health: -4/44      AC:  7    Str:  7    XL:     9   Next: 2%
Magic:  16/16      EV: 20    Int: 13    God:    Gozag
Gold:   767        SH:  0    Dex: 20    Spells: 10/16 levels left

rFire   . . .      SeeInvis +   e - +2 short sword (drain)
rCold   . . .      Faith    .   (no shield)
rNeg    . . .      Spirit   .   b - +0 robe
rPois   .          Reflect  .   (helmet restricted)
rElec   .          Harm     .   c - +0 cloak
rCorr   .          Rampage  .   (gloves unavailable)
Will    +....                   (boots unavailable)
Stlth   +++++.....              (no amulet)
HPRegen 0.14/turn               h - +4 ring of protection
MPRegen 0.15/turn               (no ring)

@: very quick
A: very small, no large weapons, unfitting armour, see invisible, speed 3
a: Renounce Religion, Potion Petition, Call Merchant, Bribe Branch


You were in a bailey.
You worshipped Gozag.
Gozag was pleased with you.
You visited 2 branches of the dungeon, and saw 9 of its levels.
You also visited: Bailey.

You collected 852 gold pieces.
You paid 85 gold pieces to Gozag.

Inventory:

Hand Weapons
 a - a +2 dagger
 e - a +2 short sword of draining (weapon)
 m - a +0 sling
 w - a +2 dagger of freezing
Missiles
 d - 4 poisoned darts (quivered)
 f - 26 stones
 v - a boomerang
Armour
 b - a +0 robe (worn)
 c - a +0 cloak (worn)
Jewellery
 h - a +4 ring of protection (left hand)
Wands
 t - a wand of iceblast (8)
Scrolls
 k - 3 scrolls of teleportation
 s - 4 scrolls of identify
 u - a scroll of amnesia
 y - a scroll of fog {unknown}
Potions
 g - a potion of lignification
 j - 2 potions of invisibility
 l - 5 potions of curing
 n - 2 potions of mutation
 p - a potion of brilliance
 q - a potion of berserk rage
 r - 2 potions of flight
 x - a potion of resistance {unknown}


   Skills:
 * Level 3.5 Fighting
 + Level 5.1 Short Blades
 + Level 1.1 Ranged Weapons
 + Level 3.8 Throwing
 * Level 5.1 Dodging
 * Level 11.5 Stealth
 * Level 4.4 Spellcasting
 * Level 1.3 Conjurations
 * Level 2.1 Hexes
 * Level 2.4 Summonings


You had 10 spell levels left.
You knew the following spells:

 Your Spells              Type           Power      Damage    Failure   Level
a - Call Canine Familiar  Summ           9%         N/A       22%         3
b - Dazzling Flash        Conj/Hex       14%        N/A       30%         3

Your spell library contained the following spells:

 Spells                   Type           Power      Damage    Failure   Level
 Summon Small Mammal      Summ           36%        N/A       8%          1
 Sandblast                Erth           4%         2d4       21%         1
 Summon Guardian Golem    Hex/Summ       8%         N/A       24%         3
 Passwall                 Tmut/Erth      1%         N/A       30%         2
 Conjure Flame            Conj/Fire      4%         6-21      41%         3
 Stone Arrow              Conj/Erth      8%         3d7       41%         3
 Gell's Gravitas          Tloc           2%         N/A       52%         3
 Ignite Poison            Fire/Tmut/Pois 2%         N/A       52%         3
 Lesser Beckoning         Tloc           2%         N/A       52%         3
 Teleport Other           Tloc           2%         N/A       52%         3
 Sticky Flame             Conj/Fire      4%         2d3       83%         4
 Silence                  Hex/Air        2%         N/A       98%         5
 Agony                    Necr           2%         N/A       99%         5


Dungeon Overview and Level Annotations

Branches:
Dungeon (8/15)             Temple (1/1) D:4          Bailey (1/1)
   Lair: D:8-11

Altars:
Cheibriados
Elyvilon
Gozag
Makhleb
Nemelex Xobeh
Okawaru
Qazlal
Sif Muna
Uskayaw
Vehumet
Yredelemnul
Zin
The Shining One

Shops:
D:2 (


Innate Abilities, Weirdness & Mutations

You are very small and have problems with some larger weapons.
You are too small for most types of armour.
You have supernaturally acute eyesight. (SInv)
You cover ground extremely quickly. (Speed+++)


Message History

Things that are here:
a +0 halberd; a +0 chain mail You enter the shallow water.
Moving in this stuff is going to be slow.
You open the door.
An orc knight and 2 orc warriors come into view.
Found a gate leading back out of this place.
There is an open door here.
The helpless orc knight fails to defend itself.
You perforate the orc knight like a sieve!!!
You drain the orc knight.
The orc knight is severely wounded.
The orc knight closely misses you.
You hit the orc knight but do no damage.
The orc knight is severely wounded.
The orc knight hits you with a +0 glaive!
The orc warrior shouts!
You hit the orc knight.
The orc knight is severely wounded.
You closely miss the orc knight.
The orc knight is severely wounded.
The orc knight roars a battlecry!
The orc warriors go into a battle-frenzy!
You completely miss the orc knight.
The orc knight is severely wounded.
Something unseen opens the door.
The orc knight completely misses you. The orc warrior barely misses you.
You closely miss the orc knight.
The orc knight is severely wounded.
The orc knight roars a battlecry!
The orc knight goes into a battle-frenzy!
The orc warrior completely misses you.
You closely miss the orc knight.
The orc knight is severely wounded.
The orc knight hits you with a +0 glaive!!
Ouch! That really hurt!
* * * LOW HITPOINT WARNING * * *
The orc warrior hits you from afar with a +0 halberd!
You die...
Your body crumbles into a pile of gold.

#..........~~..## #..)~.......
#.~~~~~~~~~~..## ##..~~))~~~~
#.~.)........## ##.).......
#.~.#############+#############
#.).##.....##.§.§..... #.$$$.##
#.~..##...'#..§≈≈.≈≈≈. #.$.##.
#.~~..##.##o.≈≈.....≈≈ ##.##..
##.~~..#'#..≈≈..o⌠...§ #+#..~
#∩.~~..#'#....@.o∩⌠... #..~
#.~~..## ##..≈§o....≈≈ ##.)
#.~..## $ ##..≈≈≈§≈≈§. ##.
#.~.## $$$ ##......... ##
#.~.#########'###+#############
#.~..........##.....##.........
#.~~~~~~~~~~..##.∩.##..~~~~~~~~
#..........~~..## ##..~~.......
##########..~~..###.)~~..######


You could see 2 orc knights and 2 orc warriors.

Vanquished Creatures
  An ice beast (D:6)
  4 orc warriors
  A black bear (D:6)
  2 ogres
  A phantom (D:6)
  2 bullfrogs (D:6)
  4 scorpions
  3 howler monkeys (D:7)
  A jelly (D:4)
  An orc priest (D:7)
  5 iguanas
  9 orc wizards
  4 gnolls
  7 adders
  A shadow imp (D:5)
  2 white imps
  2 ufetubi (D:5)
  2 worms (D:2)
  3 dart slugs
  43 orcs
  5 bats
  6 endoplasms
  5 giant cockroaches
  17 goblins
  10 hobgoblins
  4 kobolds
  A quokka (D:1)
  5 ball pythons
  4 frilled lizards
  4 rats
  A butterfly (D:4)
160 creatures vanquished.

Vanquished Creatures (others)
  2 plants (D:3)
2 creatures vanquished.

Grand Total: 162 creatures vanquished

Notes
Turn   | Place    | Note
-------+----------+-------------------------------------------
     0 | D:1      | styxcanada the Spriggan Brigand began the quest for the
                  | Orb.
     0 | D:1      | Reached XP level 1. HP: 10/10 MP: 2/2
   209 | D:1      | Reached skill level 6 in Stealth
   360 | D:1      | Reached XP level 2. HP: 14/14 MP: 3/3
  1060 | D:1      | Reached XP level 3. HP: 18/18 MP: 4/4
  1786 | D:2      | Reached skill level 7 in Stealth
  1865 | D:2      | Found a faded altar of an unknown god.
  2031 | D:2      | Found Qufadenu's Antique Weapon Boutique.
  2146 | D:2      | Reached XP level 4. HP: 23/23 MP: 5/5
  2438 | D:3      | Identified the +1 leather armour of Generosity {rElec Will-
                  | Slay+3}
  2761 | D:3      | Found a sparkling altar of Nemelex Xobeh.
  2860 | D:3      | Reached skill level 1 in Spellcasting
  3156 | D:4      | Noticed a scorpion
  3161 | D:4      | Killed a scorpion
  3162 | D:4      | Reached skill level 8 in Stealth
  3162 | D:4      | Reached XP level 5. HP: 22/26 MP: 6/8
  3222 | D:4      | Found an iron altar of Okawaru.
  3249 | D:4      | Noticed an ogre
  3251 | D:4      | Killed an ogre
  3252 | D:4      | Reached XP level 6. HP: 30/30 MP: 9/9
  3309 | D:4      | Reached skill level 9 in Stealth
  3529 | D:4      | Learned a level 3 spell: Call Canine Familiar
  3553 | D:4      | Found a shimmering blue altar of Sif Muna.
  3796 | D:4      | Found a staircase to the Ecumenical Temple.
  3801 | Temple   | Entered the Ecumenical Temple
  3809 | Temple   | Became a worshipper of Gozag Ym Sagoz the Greedy
  3888 | D:5      | Entered Level 5 of the Dungeon
  3924 | D:5      | Reached XP level 7. HP: 35/35 MP: 11/11
  4011 | D:5      | Reached skill level 10 in Stealth
  4241 | D:5      | Found a glowing golden altar of the Shining One.
  4402 | D:5      | Reached skill level 1 in Summonings
  4879 | D:6      | Found a white marble altar of Elyvilon.
  5463 | D:6      | Reached skill level 11 in Stealth
  5463 | D:6      | Reached XP level 8. HP: 36/39 MP: 13/13
  5517 | D:6      | Learned a level 3 spell: Dazzling Flash
  5892 | D:6      | Reached skill level 1 in Hexes
  6213 | D:7      | Reached skill level 1 in Conjurations
  6573 | D:7      | Found a flagged portal.
  6574 | D:7      | You fall into a shaft and drop 1 floor!
  6582 | D:7      | Reached skill level 1 in Ranged Weapons
  6663 | Bailey   | Entered a bailey
  6794 | Bailey   | Reached skill level 5 in Dodging
  6825 | Bailey   | Reached skill level 5 in Short Blades
  6940 | Bailey   | HP: 2/40 [orc warrior/+0 halberd (19)]
  6969 | Bailey   | Reached XP level 9. HP: 5/44 MP: 16/16
  7427 | Bailey   | Noticed an orc knight
  7531 | Bailey   | Noticed an orc knight
  7545 | Bailey   | Slain by an orc warrior

Illustrated notes

Levels and vault maps discovered:
D:1:      dpeg_arrival_rhombi, layout_basic, minmay_pentomino_v4
D:2:      kennysheep_the_goblin_king, layout_loops_cross, serial_shops,
          nicolae_shop_hallway_plus, shapermc_ecumenical_altar_mp_vishouse
D:3:      layout_rooms, nemelex_dance_club_becter, hangedman_decor_slide_cut,
          corexii_shack
D:4:      layout_cave_pools, overflow_temple_1_default,
          kennysheep_orc_sif_temple, minmay_temple_entry_butterflies
D:5:      layout_loops_ring, mainiacjoe_overflow_chevrons
D:6:      layout_basic, mainiacjoe_overflow_brackets
D:7:      layout_loops_ring, nicolae_wu_jian_glorious_leap, serial_shops,
          nicolae_shop_crystal, enter_bailey_4
D:8:      layout_loops_ring, serial_shops, nicolae_shop_stone
Temple:   nicolae_temple_two_arcs
Bailey:   bailey_polearm_1, bailey

Skill      XL: |  1  2  3  4  5  6  7  8 |
---------------+-------------------------+-----
Stealth        | 6 7 8 9 11 | 11.5
Dodging        | 2 3 4 5 |  5.1
Short Blades   | 3 4 5 |  5.1
Spellcasting   | 1 2 3 4 |  4.4
Fighting       | 2 3 |  3.5
Throwing       | 3 |  3.8
Summonings     | 1 2 |  2.4
Hexes          | 2 |  2.1
Conjurations   | 1 |  1.3
Ranged Weapons | 1 |  1.1

Action                   |  1- 3 |  4- 6 |  7- 9 || total
-------------------------+-------+-------+-------++-------
Melee: Dagger            |    83 |    47 |       ||   130
       Short sword       |       |    30 |   270 ||   300
       Punch             |       |       |     7 ||     7
 Fire: Sling             |       |       |     8 ||     8
Throw: Dart              |    21 |    37 |    38 ||    96
       Stone             |       |       |     6 ||     6
  Use: Scroll            |     1 |    15 |     3 ||    19
       Potion            |       |       |     1 ||     1
 Stab: Sleeping          |    15 |    13 |    14 ||    42
       Distracted        |       |     1 |     3 ||     4
       Invisible         |       |       |     1 ||     1
Armor: Robe              |    13 |    17 |    39 ||    69
Dodge: Dodged            |    43 |    42 |   177 ||   262
